[Event "E World Chess Championship 2023"]
[Site "Chess.com"]
[Date "2023.04.24"]
[Round "11"]
[White "Nepomniachtchi, Ian"]
[Black "Ding, Liren"]
[Result "1/2-1/2"]
[WhiteElo "2795"]
[BlackElo "2788"]
[ECO "C84"]
[EventDate "2023.??.??"]
[Annotator "rafael"]
[PlyCount "77"]
[Beauty "6189584744456"]
[EventType "match"]
[EventRounds "15"]
[EventCountry "FID"]
[TimeControl "7200+30"]

1.e4 e5 2.Nf3 Nc6 3.Bb5 a6 4.Ba4 Nf6 5.O-O Be7 6.d3 b5 7.Bb3 d6 {Together with 8.a4 and 8.c3, this is one the main lines of this Ruy Lopez system.} 8.a3 Na5 {A known move, but much rarer than the most natural castling.} ( 8...O-O {This was played in a game by the same opponents in the Candidates Tournament in 2020, when Nepomniachtchi scored an important victory after} 9.Nc3 Na5 10.Ba2 Be6 11.b4 Nc6 12.Bg5 Bxa2 13.Rxa2 {Nepomniachtchi-Ding, Ekaterinburg 2020.} ) 9.Ba2 c5 10.Nc3 Be6 11.Bg5 {A solid and typical move. The plan is to capture the knight and gain control of the d5-square.} ( 11.Nh4 {Nepomniachtchi has played this move a few times before, one of them against Carlsen.} 11...O-O 12.Nf5 Bxf5 13.exf5 d5 14.Qf3 c4 {The game later ended in a draw in Nepomniachtchi-Carlsen, Skilling op (rapid) 2020.} ) 11...O-O 12.Bxf6 Bxf6 13.Nd5 g6 ( 13...Nc6 {is more popular.} ) 14.Qd2 Bg7 {A new move, but as usual in this match, it's never clear to me if Ding has the position prepared or if he's improvising on the board.} ( 14...Nc6 ) 15.Ng5 $1 {[%c_effect g5;square;g5;type;GreatFind;persistent;true] This is the problem. Now this unpleasant knight move is possible.} 15...c4 {Quite a risky move, unless it was prepared beforehand; as I wrote before, this is not clear to me.} ( 15...Nc6 {During the game I expected this.} 16.f4 {This looks like a scary move to meet, but the computer finds a good defense.} ( 16.c3 {is possible, but after} 16...Ne7 {Black will simplify the position.} ) 16...Ne7 $1 {[%c_effect e7;square;e7;type;GreatFind;persistent;true] and Black is fine since} ( 16...exf4 $6 17.Nxe6 fxe6 18.Nxf4 ) ( 16...Bh6 17.h4 $1 {[%c_effect h4;square;h4;type;GreatFind;persistent;true] keeping the strong knight on g5.} ) 17.Nxe7+ Qxe7 18.Nxe6 fxe6 19.f5 gxf5 20.exf5 d5 {is not dangerous.} ) 16.Nxe6 fxe6 17.Ne3 {Black's position looks a bit shaky with some potential weaknesses.} 17...Bh6 18.Rad1 Rb8 {Anticipating an exchange on c4, as the rook can now capture on b2.} 19.dxc4 $6 {[%c_effect c4;square;c4;type;Inaccuracy;persistent;true] This move takes the game into a drawing line. Nepomniachtchi's decision is understandable, as each draw brings him closer to winning the match, but perhaps it was possible to press without too much risk with 19.Qe2.} ( 19.Qe2 $1 {[%c_effect e2;square;e2;type;GreatFind;persistent;true] A possible continuation is:} 19...Qc7 20.dxc4 Bxe3 21.Qxe3 Nxc4 ( 21...bxc4 $6 {[%c_effect c4;square;c4;type;Inaccuracy;persistent;true] is worse:} 22.b4 $1 cxb3 23.cxb3 {followed by 24.b4, with a clear advantage.} ) 22.Bxc4 bxc4 23.b4 $1 cxb3 24.cxb3 {White's pawn structure is better and there is an attacking plan on the kingside with h4-h5. It's possible to play for two results.} ) 19...Nxc4 20.Bxc4 bxc4 21.Qxd6 {Now a draw is inevitable.} ( 21.Qe2 {is the only chance to keep some fight on the board.} 21...Bxe3 22.Qxe3 Rxb2 23.Qc3 Rb6 ( 23...Rb5 24.Qxc4 d5 {This is the computer suggestion, but advancing this pawn and damaging the structure has its dangers. The machine is not so worried and evaluates the position as equal.} ) 24.Qxc4 Qc8 25.Qe2 {Followed by h4-h5 and trying some attack on the kingside.} ) 21...Qxd6 22.Rxd6 Bxe3 23.fxe3 Rxf1+ 24.Kxf1 Rxb2 25.Rxe6 Rxc2 26.Rxa6 Ra2 27.Rc6 Rxa3 28.Rxc4 Rxe3 29.Kf2 Ra3 30.Rc5 Ra2+ 31.Kf3 Ra3+ 32.Kg4 Ra2 33.Kh3 Re2 34.Rxe5 Kf7 $1 {[%c_effect f7;square;f7;type;GreatFind;persistent;true] White is unable to hold the extra pawn.} 35.Kg3 Kf6 36.Re8 Kf7 37.Re5 Kf6 38.Re8 Kf7 39.Re5 {Certainly the dullest game of the match. The players now have a rest day, and we will certainly have fireworks again in the final part of the duel, as Ding is forced to take risks.} 1/2-1/2

[Event "E World Chess Championship 2023"]
[Site "Chess.com"]
[Date "2023.04.26"]
[Round "12"]
[White "Ding, Liren"]
[Black "Nepomniachtchi, Ian"]
[Result "1-0"]
[WhiteElo "2788"]
[BlackElo "2795"]
[ECO "D04"]
[EventDate "2023.??.??"]
[Annotator "rafael"]
[PlyCount "75"]
[Beauty "7836704706058"]
[EventType "match"]
[EventRounds "15"]
[EventCountry "FID"]
[TimeControl "7200+30"]

1.d4 Nf6 2.Nf3 d5 3.e3 c5 4.Nbd2 {After the London System and the French Defense, now Ding tries the Colle. Fair enough. Nepomniachtchi said in the press conference that he wasn't surprised.} 4...cxd4 5.exd4 Qc7 ( 5...Nc6 {is also possible, but as it will become clear, Nepomniachtchi wanted to avoid the chance of White's bishop being developed on b5.} 6.Bb5 ) 6.c3 Bd7 {This is a new move in this position and it's hard to understand its merits, although it was clearly part of the preparation.} ( 6...Nc6 7.Bb5 {The only point I can see in the way Nepomniachtchi plays the opening is that he wanted to avoid this move. In any case, from my interpretation of Ding's words in the press conference, he would just play 7.Bd3 and play in the same way as the game, a tempo down.} ( 7.Bd3 Bg4 8.O-O {It's the same position we will have in the game, but here it's Black to move.} ) ) 7.Bd3 Nc6 8.O-O Bg4 {I don't want to sound harsh, but the fact that Black can play this position even a tempo down says a lot about the merits of White's opening.} 9.Re1 ( 9.Qa4 {with the idea of playing Ne5. This is an attempt to explore Black's move order, but it's not a big deal.} 9...e6 10.Ne5 Bd6 11.Nxg4 Nxg4 12.h3 Bh2+ ( 12...Nf6 {There's also nothing wrong with this move.} ) 13.Kh1 Bg1 $1 14.f4 Nf2+ 15.Kxg1 Nxd3 16.f5 O-O {with approximate equality.} ) 9...e6 10.Nf1 Bd6 11.Bg5 O-O $1 {[%c_effect g8;square;g8;type;GreatFind;persistent;true] Not afraid of doubling pawns.} 12.Bxf6 {Ding thought for half an hour before taking the knight. He was evaluating the consequences of 12.Ng3.} ( 12.Ng3 Nh5 $1 {[%c_effect h5;square;h5;type;GreatFind;persistent;true] Otherwise White plays 13.h3 and gets a comfortable position.} 13.h3 Bxf3 14.Qxf3 Nxg3 15.fxg3 Bxg3 16.Re3 Bd6 {White's compensation for the pawn is not good enough.} ) 12...gxf6 13.Ng3 f5 14.h3 Bxf3 15.Qxf3 Ne7 {A nice maneuver, bringing the knight to the kingside, where it protects the king and also helps a potential attack on the g-file.} 16.Nh5 Kh8 17.g4 {A double-edged move, but risks are necessary when one desperately needs to win.} ( 17.Nf6 {The game might end in a draw after this move, a result that obviously didn't suit Ding.} 17...Ng8 ( 17...Kg7 18.Nh5+ Kh8 ) 18.Nh5 Ne7 ) 17...Rg8 18.Kh1 Ng6 $1 {[%c_effect g6;square;g6;type;GreatFind;persistent;true] Nepomniachtchi reacts very well. To be fair, he played the first part of the game excellently.} 19.Bc2 $2 {[%c_effect c2;square;c2;type;Mistake;persistent;true] Black gets a clear advantage after this slow move.} ( 19.Nf6 $2 {[%c_effect f6;square;f6;type;Mistake;persistent;true] is bad after} 19...Nh4 20.Qe2 Rg6 ) ( 19.gxf5 $2 Nh4 20.Qe3 exf5 $1 {[%c_effect f5;square;f5;type;GreatFind;persistent;true] The point is that if now} 21.Rg1 f4 $1 {[%c_effect f4;square;f4;type;GreatFind;persistent;true] Black is winning, for instance:} 22.Qe2 f3 23.Qe3 Rg2 24.Rxg2 fxg2+ 25.Kg1 Bh2# ) ( 19.Rg1 $1 {[%c_effect g1;square;g1;type;GreatFind;persistent;true] is the best move.} 19...Nh4 20.Qe2 {with a balanced game.} ) 19...Nh4 20.Qe3 ( 20.Qd3 Rg6 ) 20...Rg6 {Nepomniachtchi prepares to double rooks on the g-file. The attack is very strong.} 21.Rg1 ( 21.gxf5 $2 {[%c_effect f5;square;f5;type;Mistake;persistent;true] loses on the spot after} 21...Rg2 ) 21...f4 22.Qd3 Qe7 $1 {[%c_effect e7;square;e7;type;GreatFind;persistent;true] Another strong move. Black's plan is to bring the queen to g5, the rooks to g8 and h6, and then to play f5 with a crushing attack.} 23.Rae1 Qg5 24.c4 {Desperation. Ding seeks counterplay. It's incredible to even think that he ended up winning this game.} 24...dxc4 ( 24...Rc8 {Nepomniachtchi mentioned this move at the press conference, but the move he played is even better.} 25.c5 Bb8 {His idea is to keep the queenside closed so he can turn his attention to the kingside.} ) 25.Qc3 ( 25.Qxc4 {The pawn cannot be recaptured:} 25...Nf3 26.Bxg6 hxg6 {winning material.} ) 25...b5 {Now Black is a clean pawn up and the attack persists.} 26.a4 ( 26.Bxg6 hxg6 {The h5-knight is lost almost everytime the rook on g6 is taken.} ) 26...b4 $6 {[%c_effect b4;square;b4;type;Inaccuracy;persistent;true] An impractical decision, although Black is still winning.} ( 26...a6 {is much simpler.} ) 27.Qxc4 Rag8 $4 {[%c_effect g8;square;g8;type;Blunder;persistent;true] The game begins a tense phase where every move is a blunder.} ( 27...Nf3 {is winning but it requires accurate play.} 28.Qc6 Nxe1 $1 {[%c_effect e1;square;e1;type;GreatFind;persistent;true] The only way.} 29.Qxa8+ ( 29.Rxe1 Rd8 30.Bxg6 hxg6 {wins the knight.} ) ( 29.Bxg6 Rd8 $1 30.Bxf7 Qh4 {with a decisive attack.} ) 29...Rg8 30.Qe4 Nxc2 31.Qxc2 Qh4 32.Qd3 f5 $1 33.Qf3 fxg4 $1 34.Rxg4 Rxg4 35.Qxg4 Qxg4 36.hxg4 b3 $1 {[%c_effect b3;square;b3;type;GreatFind;persistent;true] The only winning move.} 37.Nf6 Ba3 {The b-pawn decides the game.} ) 28.Qc6 $4 ( 28.Bxg6 hxg6 29.Qc6 $1 gxh5 ( 29...Bb8 $2 30.d5 $1 {[%c_effect d5;square;d5;type;GreatFind;persistent;true] This is a line we will see later on.} ) 30.Qxd6 Nf3 31.Qc5 $1 {[%c_effect c5;square;c5;type;GreatFind;persistent;true] with drawing chances for White.} ) 28...Bb8 $4 ( 28...Nf5 $1 {[%c_effect f5;square;f5;type;GreatFind;persistent;true] This difficult move leads to a winning position.} 29.Bxf5 ( 29.Rd1 Qh4 30.Qf3 Ng3+ $1 31.fxg3 Qxh3# ) ( 29.gxf5 Qxh5 ( 29...Qxg1+ {is also good.} ) 30.Rxg6 Qxh3+ 31.Kg1 hxg6 {winning.} ) 29...exf5 {with a decisive attack.} ) 29.Qb7 $4 ( 29.Bxg6 $1 hxg6 30.d5 $1 {[%c_effect d5;square;d5;type;GreatFind;persistent;true] This move certainly was missed by both players.} 30...gxh5 ( 30...exd5 31.Nf6 ) ( 30...Qxd5+ 31.Qxd5 exd5 32.Nf6 ) 31.dxe6 fxe6 32.gxh5 Qxh5 33.Rxg8+ Kxg8 34.Qxe6+ {White wins easily.} ) 29...Rh6 $4 ( 29...Nf5 $1 {[%c_effect f5;square;f5;type;GreatFind;persistent;true] Again this move leads to a big advantage for Black.} ) 30.Be4 {White’s position is more pleasant now.} 30...Rf8 $2 {[%c_effect f8;square;f8;type;Mistake;persistent;true] The mistakes continue.} ( 30...f3 $1 {[%c_effect f3;square;f3;type;GreatFind;persistent;true] is the best:} 31.Qxf7 Ng2 $1 32.Qxf3 Nxe1 33.Rxe1 {with chances for both sides. The computer evaluates it as 0.00, as usual.} ) 31.Qxb4 Qd8 32.Qc3 $6 ( 32.d5 $1 {[%c_effect d5;square;d5;type;GreatFind;persistent;true] is more accurate.} ) 32...Ng6 33.Bg2 Qh4 34.Re2 f5 $4 {[%c_effect f5;square;f5;type;Blunder;persistent;true] The final blunder. It's hard to understand what Nepomniachtchi missed.} ( 34...Qg5 ) 35.Rxe6 {Ding simply takes the pawn and Black's position collapses.} 35...Rxh5 ( 35...fxg4 {loses to} 36.d5+ Be5 37.Rxe5 ) 36.gxh5 Qxh5 37.d5+ Kg8 38.d6 {A dramatic turn of events in both this game and the match. To make things worse, Nepomniachtchi doesn't have a free day to recover from this loss.} 1-0

[Event "E World Chess Championship 2023"]
[Site "Chess.com"]
[Date "2023.04.27"]
[Round "13"]
[White "Nepomniachtchi, Ian"]
[Black "Ding, Liren"]
[Result "1/2-1/2"]
[WhiteElo "2795"]
[BlackElo "2788"]
[ECO "C84"]
[EventDate "2023.??.??"]
[Annotator "rafael"]
[PlyCount "75"]
[Beauty "6254277690889"]
[EventType "match"]
[EventRounds "15"]
[EventCountry "FID"]
[TimeControl "7200+30"]

1.e4 e5 2.Nf3 Nc6 3.Bb5 a6 4.Ba4 Nf6 5.O-O Be7 6.d3 b5 7.Bb3 d6 8.c3 {Nepomniachtchi returns to the variation he employed in the fifth game of the match.} 8...O-O 9.h3 Bb7 10.Be3 {This natural development move is rare and has never been played in grandmaster games. It deviates from conventional opening theory at the same moment as in their previous duel in this line.} ( 10.Re1 {is the main move.} ) ( 10.a4 {was played in game five of the match.} ) 10...Na5 11.Bc2 c5 {This is the standard Spanish plan.} 12.Nbd2 Re8 13.a4 {This move is officially a novelty. Once again we see one of the hallmarks of this match: a battle outside the most well-known opening lines. It's quite a feat to find a new position in the Ruy Lopez so early without playing any eccentric move.} 13...h6 {A usual move, avoiding a possible pin with the bishop on g5 after the planned Be7-f8.} 14.d4 {It's debatable whether it's better to capture on b5 before playing this.} ( 14.axb5 axb5 15.d4 {Let's suppose Black plays in the same way as in the game, although this is not forced at all.} 15...exd4 16.cxd4 cxd4 17.Nxd4 Nc4 18.Nxc4 bxc4 {Now White has an interesting option available:} 19.Ba4 {Although it seems not even this is enough for an advantage after Rf8} ) 14...exd4 $1 ( 14...Bf8 $2 {[%c_effect f8;square;f8;type;Mistake;persistent;true] is a clear positional mistake, as after} 15.d5 $1 {[%c_effect d5;square;d5;type;GreatFind;persistent;true] White gets a dream position, shutting the b7-bishop from the game.} ) 15.cxd4 cxd4 16.Nxd4 Nc4 $1 {[%c_effect c4;square;c4;type;GreatFind;persistent;true] This accurate move gives Black a good position.} 17.Nxc4 {The computer also considers other moves, but for a human, it's almost automatic to capture such a knight.} 17...bxc4 18.f3 $6 {[%c_effect f3;square;f3;type;Inaccuracy;persistent;true] This leads to an unpleasant position.} ( 18.Qe2 $1 Rc8 19.f3 {is similar to the game but an improved version for White.} ) 18...Bf8 {Now Black is ready to play d6-d5.} 19.Bf2 ( 19.Bf4 {Nepomniachtchi mentioned he wanted to make this work but didn't like the position after} 19...d5 20.e5 Nd7 21.Re1 Qc7 ) ( 19.Nf5 {this move was also discussed in the press conference.} 19...d5 20.Bd4 dxe4 21.fxe4 Nxe4 {The compensation for the pawn is not enough.} ) 19...d5 $1 20.exd5 Nxd5 {White's pawn structure is not good, especially on the kingside, as the knight can jump to f4 and attack the king. Careful play is necessary.} 21.Be4 {A natural move, pinning the unpleasant knight.} 21...Re5 $6 {[%c_effect e5;square;e5;type;Inaccuracy;persistent;true] A strange move.} ( 21...Nf4 {is interesting, but the sacrifice is not enough for an advantage.} 22.Bxb7 Qg5 23.g3 Nxh3+ 24.Kg2 Nxf2 25.Rxf2 Rad8 26.Qc1 {The simplest.} 26...Rxd4 27.Qxg5 hxg5 28.Bxa6 {Obviously Black didn't sacrifice a piece to go into this endgame.} ) ( 21...Rb8 {is a good move. The knight gets ready to go to f4, so it must be captured.} 22.Bxd5 Bxd5 23.Qd2 {Black has some advantage due to the pair of bishops.} ) ( 21...Qg5 22.Bxd5 Bxd5 {is also slightly better for Black.} ) 22.Rc1 Rc8 23.Ne2 $6 {[%c_effect e2;square;e2;type;Inaccuracy;persistent;true] The knight offers the d4-square to the king or bishop while getting ready to go to c3. But the move is a bit passive.} ( 23.Qd2 $5 {[%c_effect d2;square;d2;type;Interesting;persistent;true] is a better option.} ) 23...Qe7 $6 {[%c_effect e7;square;e7;type;Inaccuracy;persistent;true] This is an important moment, as the move played throws away the advantage. It's likely that Ding missed White's next move.} ( 23...f5 {is not dangerous since White can remove the bishop.} 24.Bb1 ) ( 23...Qe8 $1 {[%c_effect e8;square;e8;type;GreatFind;persistent;true] is the best way to keep the initiative. The queen is better placed here as it doesn't interfere with the bishop on f8. The position is dangerous for White, as he can't play in the same ways as the game since the queen is lost after} 24.Qd4 f5 25.Bg3 $4 Bc5 ) 24.Qd4 $1 f5 {The natural followup, but now White has a forced saving move.} 25.Bg3 $1 Rxe4 ( 25...fxe4 {This way of capturing is also possible.} 26.Qxe5 ( 26.Bxe5 {is also possible, although it's scary to leave the queen on d4 with the danger of Bf8-c5 coming.} 26...exf3 27.Rxf3 Qe6 28.Rxf8+ $1 {[%c_effect f8;square;f8;type;GreatFind;persistent;true] One of the advantages of being up an exchange is that you can give it back at the right moment.} 28...Rxf8 29.Ng3 {with an equal position.} ) 26...Qxe5 27.Bxe5 Bc5+ 28.Kh2 ( 28.Bd4 $2 {[%c_effect d4;square;d4;type;Mistake;persistent;true] loses to} 28...Nf4 $1 ) 28...Ne3 29.Rfe1 exf3 30.gxf3 Rd8 {Black has good compensation, enough for equality.} ) 26.fxe4 Qxe4 27.Qxe4 fxe4 {Black has good compensation for the exchange, but it's clear that he didn't get the most out of the promising position achieved before.} 28.Rfd1 Nb4 $6 {[%c_effect b4;square;b4;type;Inaccuracy;persistent;true] This makes things a bit harder for Black.} ( 28...Bc5+ ) ( 28...Be7 $5 ) 29.Rd7 $1 Bc5+ 30.Kh2 Bc6 31.Rc7 {Exchanging a pair of rooks is usually a good strategy when you are an exchange up.} 31...Rxc7 32.Bxc7 Bd5 {The computer is initially quite happy with White's position, but for human eyes, the compensation is decent with a knight coming to d3, the king ready to be centralized, and two strong bishops.} 33.Nc3 ( 33.a5 $1 {[%c_effect a5;square;a5;type;GreatFind;persistent;true] is a good possibility, giving the b6-square to the bishop. The game can continue:} 33...Nd3 34.Rb1 Kf7 35.Bb6 Bd6+ 36.Kg1 {and my machine continues to claim an advantage for White.} ) 33...Nd3 34.Rc2 Bc6 35.a5 Kf7 36.Re2 ( 36.Ne2 {is a way to keep fighting for an advantage.} 36...Bd5 37.Nf4 Nxf4 38.Bxf4 Ke6 {Black should be able to make a comfortable draw.} ) 36...Nc1 {The players decide to repeat moves and this is an understandable decision.} ( 36...Ke6 {is also possible, playing for a win. If White captures on e4 the game may end in perpetual check after} 37.Nxe4 Bxe4 38.Rxe4+ Kd5 39.Re8 Nxb2 40.Rd8+ Ke4 ( 40...Kc6 $2 41.Be5 ) 41.Re8+ Kd5 ( 41...Kd3 $2 42.Be5 c3 43.Rd8+ Kc4 44.Bxg7 ) 42.Rd8+ ) 37.Re1 Nd3 38.Re2 {A nervous game in which both players had some chances, but Ding probably could have pushed harder from the position he got in the opening. The tension grows and now we have a rest day before the final classical game. Will Ding play aggressively to fight for a win with White or is it better not to risk it and continue the battle in the tiebreaks $2 We'll know soon enough.} 1/2-1/2